 Dungeon Crawl Stone Soup version 0.20.1-1-g8b1a95d (webtiles) character file.

449 equalderp2856 the Chopper (level 6, -5/55 HPs)
             Began as a Minotaur Fighter on Oct 1, 2017.
             Slain by a sky beast (6 damage)
             ... on level 4 of the Dungeon.
             The game lasted 00:05:36 (4001 turns).

equalderp2856 the Chopper (Minotaur Fighter)        Turns: 4001, Time: 00:05:37

Health: -5/55      AC:  9    Str: 18 (21) XL:     6   Next: 74%
Magic:  5/5        EV:  8    Int:  8 (10) God:
Gold:   214        SH:  9    Dex:  8 (11) Spells: 5/5 levels left

rFire    . . .     SeeInvis .   a - +0 war axe
rCold    . . .     Gourm    +   c - +0 shield
rNeg     . . .     Faith    .   b - +0 scale mail
rPois    .         Spirit   .   (helmet restricted)
rElec    .         Reflect  .   (no cloak)
rCorr    .         Harm     .   (no gloves)
MR       .....                  x - +1 pair of boots
Stlth    ..........             e - amulet of the gourmand
Regen    0.2/turn               (no ring)
MPRegen  0.1/turn               (no ring)

@: brilliant, lethally poisoned (-5 -> -6)
A: retaliatory headbutt, horns 2
a: no special abilities


You were on level 4 of the Dungeon.
You were near starving.

You visited 1 branch of the dungeon, and saw 5 of its levels.
You also visited: Sewer.

You collected 214 gold pieces.

Inventory:

Hand Weapons
 a - a +0 war axe (weapon)
Armour
 b - a +0 scale mail (worn)
 c - a +0 shield (worn)
 x - a +1 pair of boots (worn)
Jewellery
 e - an amulet of the gourmand (around neck)
Wands
 k - a wand of confusion (33/48)
 n - a wand of iceblast (11/15)
 y - a wand of enslavement (12/24)
Scrolls
 i - 6 scrolls of identify
 j - 2 scrolls of enchant armour
 o - 2 scrolls of remove curse
 s - 3 scrolls of teleportation
 w - 2 scrolls of blinking
Potions
 d - 3 potions of might
 h - a potion of degeneration
 l - 2 potions of berserk rage {unknown}
 p - 2 potions of curing {unknown}
 q - 2 potions of lignification {unknown}
 r - 2 potions of cancellation {unknown}
 t - a potion of agility {unknown}
 u - 2 potions of brilliance
 v - 3 potions of flight
Comestibles
 f - 3 bread rations
 g - 5 meat rations
 m - a royal jelly


   Skills:
 + Level 4.9 Fighting
 + Level 5.6 Axes
 + Level 5.2 Armour
 + Level 1.8 Dodging
 + Level 0.1 Stealth
 + Level 5.1 Shields


You had 5 spell levels left.
You didn't know any spells.

Dungeon Overview and Level Annotations

Branches:
Dungeon (5/15)
 Temple: D:4-7

Altars:
Cheibriados
Fedhas
Vehumet
Yredelemnul

Shops:
D:4 (


Innate Abilities, Weirdness & Mutations

You reflexively headbutt those who attack you in melee.
You have a pair of horns on your head.


Message History

* * * LOW HITPOINT WARNING * * *
The sky beast shocks you.
* * * LOW HITPOINT WARNING * * *
Something hits you but does no damage.
It was a potion of brilliance.
You feel clever all of a sudden.
The sky beast hits you but does no damage.
A sky beast appears from thin air!
Reactivating autopickup.
The sky beast hits you but does no damage.
Unknown command.
It was a potion of degeneration.
There was something very wrong with that liquid.
You feel weakened.
You feel dopey.
You feel clumsy.
The sky beast flickers out of sight!
Deactivating autopickup; reactivate with Ctrl-A.
Something hits you.
* * * LOW HITPOINT WARNING * * *
Something shocks you.
You die...

#..#####.# #.## ###.#
....<....# #.# #...#
#..#####.#####.####.###
#..# #............#
#..#####.#####.###..#
...........# #># #..#
#..#####.#.# #.# #..#
#........#.###.###..#
####.###.#....5{@Y..#
#.# #.#####.###.## #.#
#.# #.# #.# ####.###.#
#.# #.#
.........#####.# #.#
...............# #.#
####.###.####### #.#
.........# #.#
###...###### #.#


You could see a sky beast and a crimson imp.

Vanquished Creatures
  An ogre (D:4)
  2 orc priests (D:4)
  A centaur skeleton (D:4)
  Terence (D:3)
  A worker ant (D:3)
  A hound skeleton (D:4)
  8 adders
  5 oozes
  7 worms
  A dart slug (D:1)
  3 leopard geckos
  5 orcs
  5 giant cockroaches
  9 goblins
  9 hobgoblins
  6 jackals
  2 quokkas
  3 ball pythons
  11 bats
  12 frilled lizards
  4 kobolds
  13 rats
110 creatures vanquished.

Notes
Turn   | Place    | Note
-------+----------+-------------------------------------------
     0 | D:1      | equalderp2856 the Minotaur Fighter began the quest for the Orb.
     0 | D:1      | Reached XP level 1. HP: 19/19 MP: 0/0
   197 | D:1      | Reached XP level 2. HP: 27/27 MP: 1/1
   482 | D:1      | Reached XP level 3. HP: 33/33 MP: 2/2
   597 | D:2      | Found a blossoming altar of Fedhas.
   950 | D:2      | Reached XP level 4. HP: 27/40 MP: 3/3
  1147 | D:2      | Found a snail-covered altar of Cheibriados.
  1455 | D:3      | Noticed Terence
  1461 | D:3      | Killed Terence
  1461 | D:3      | Reached skill level 1 in Dodging
  1561 | D:3      | Reached XP level 5. HP: 47/47 MP: 4/4
  2336 | D:4      | Found a glowing drain.
  2350 | Sewer    | Entered a sewer
  2786 | Sewer    | Reached skill level 5 in Armour
  2955 | D:4      | Found Cufism's Antique Weapon Shoppe.
  3076 | D:4      | Found a radiant altar of Vehumet.
  3087 | D:4      | Found a basalt altar of Yredelemnul.
  3170 | D:4      | Reached XP level 6. HP: 48/53 MP: 5/5
  3423 | D:4      | Reached skill level 5 in Axes
  3428 | D:4      | Reached skill level 5 in Shields
  3971 | D:5      | Entered Level 5 of the Dungeon
  3976 | D:5      | Noticed a sky beast
  3977 | D:5      | Noticed a sky beast
  4001 | D:4      | HP: 1/55 [something (4)]
  4001 | D:4      | Slain by a sky beast

Skill      XL: |  1  2  3  4  5  6 |
---------------+-------------------+-----
Armour         | 4 5 |  5.2
Shields        | 4 5 |  5.1
Fighting       | 4 |  4.9
Axes           | 3 4 5 |  5.6
Dodging        | 1 |  1.8
Stealth        | |  0.1

Action                   |  1- 3 |  4- 6 || total
-------------------------+-------+-------++-------
Melee: War axe           |    83 |   145 ||   228
       Headbutt          |    13 |    31 ||    44
  Use: Scroll            |       |     8 ||     8
       Potion            |       |     3 ||     3
  Eat: Chunk             |       |     8 ||     8
       Fruit             |       |     1 ||     1
Armor: Scale mail        |    40 |    83 ||   123
Dodge: Dodged            |    20 |    42 ||    62
Block: Shield            |    33 |    92 ||   125
